 Adventure DCSS version bcrawl-1.32 (webtiles) character file.

Game seed: 16658390843052597631

486469 Leeroy the Fencer (level 15, 0/92 HPs)
             Began as a Skeleton Skald on Aug 1, 2021.
             Was a High Priest of Vehumet.
             Shot with a bolt by a naga sharpshooter (19 damage)
             ... on level 3 of the Snake Pit on Aug 2, 2021.
             The game lasted 01:24:18 (24767 turns).

Leeroy the Fencer (Skeleton Skald)                 Turns: 24767, Time: 01:24:19

Health: 0/92       AC: 24    Str: 25 (26) XL:     15   Next: 72%
Magic:  0/32       EV: 12    Int: 24      God:    Vehumet [*****.]
Gold:   436        SH: 12    Dex: 12      Spells: 2/40 levels left
                                        Lives:  0   Deaths: 2

rFire    . . .     SeeInvis .   P - +5 scimitar (flame)
rCold    + + +     Gourm    .   w - +3 buckler {reflect}
rNeg     + + +     Faith    .   a - +1 plate armour of Muejor {rC++ Str+3 Int-2}
rPois    ∞         Spirit   +   T - +2 hat {Int+3}
rElec    +         Reflect  +   p - +0 cloak
rCorr    .         Harm     .   e - +2 pair of gloves
MR       ++...                  A - +0 pair of boots
Stlth    ..........             M - amulet of regeneration
HPRegen  0.25/turn              m - +7 ring of intelligence
MPRegen  0.23/turn              y - ring of Kindness {rElec Str+4 Int+3}

@: no status effects
A: no food or potions, cold resistance 1, deterioration 1, negative energy
resistance 3, powered by death 1, torment resistance, unbreathing, magic shield,
sturdy frame 2, spell healing
a: Renounce Religion


You were on level 3 of the Snake Pit.
You worshipped Vehumet.
Vehumet was extremely pleased with you.
You were not hungry.

You visited 6 branches of the dungeon, and saw 21 of its levels.

You collected 2064 gold pieces.
You spent 1628 gold pieces at shops.

Inventory:

Hand Weapons
 c - the cursed +1 trident of the Eleven Teeth {vamp, rC+, unknown}
   (You found it on level 2 of the Snake Pit)

   It inflicts no extra harm, but heals its wielder when it wounds a living foe.
   It protects you from cold.
   It has a curse placed upon it.
 B - a +1 rapier of freezing
 H - a +0 triple sword
 I - a +1 scimitar of venom
 P - a +5 scimitar of flaming (weapon)
 Q - a +2 rapier of draining
 W - a +1 scimitar of electrocution
Missiles
 f - 397 poisoned tomahawks (quivered)
 L - 155 poisoned needles
 V - 3 throwing nets {=f}
 X - 39 curare-tipped needles
Armour
 a - the +1 plate armour of Muejor (worn) {rC++ Str+3 Int-2}
   (You found it on level 5 of the Lair of Beasts)

   It affects your strength (+3).
   It affects your intelligence (-2).
   It greatly protects you from cold.
 b - a +0 leather armour
 e - a +2 pair of gloves (worn)
 n - a +1 scale mail
 p - a +0 cloak (worn)
 w - a +3 buckler of reflection (worn)
 z - a +2 robe of positive energy
 A - a +0 pair of boots (worn)
 R - a +1 robe of magic resistance
 T - a +2 hat of intelligence (worn)
 Z - a +2 scale mail of poison resistance
Magical Staves
 O - an uncursed staff of air
Jewellery
 d - the ring of Grontol {Fire Dex+2 Slay+2 Stlth-}
   (You took it off an orc wizard on level 4 of the Dungeon)

   [ring of fire]

   It enhances your fire magic.
   It affects your dexterity (+2).
   It affects your accuracy and damage with ranged weapons and melee attacks
   (+2).
   It protects you from fire.
   It makes you vulnerable to cold.
   It makes you less stealthy.
 g - an uncursed ring of resist corrosion
 m - a +7 ring of intelligence (left hand)
 o - an uncursed amulet of guardian spirit
 x - an uncursed ring of see invisible {unknown}
 y - the ring of Kindness (right hand) {rElec Str+4 Int+3}
   (You bought it in a shop on level 1 of the Snake Pit)

   [ring of strength]

   It affects your strength (+4).
   It affects your intelligence (+3).
   It insulates you from electricity.
 C - an uncursed ring of protection from fire
 D - the amulet "Nufosily" {Faith rElec Int-3 Stlth+, unknown}
   (You found it on level 2 of the Snake Pit)

   [amulet of faith]

   It allows you to gain divine favour quickly.
   It affects your intelligence (-3).
   It insulates you from electricity.
   It makes you more stealthy.
 F - an uncursed amulet of magic regeneration
 G - the ring "Edoduog" {Ice rElec rN+ Slay-2}
   (You bought it in a shop on level 1 of the Snake Pit)

   [ring of ice]

   It enhances your ice magic.
   It affects your accuracy and damage with ranged weapons and melee attacks
   (-2).
   It makes you vulnerable to fire.
   It protects you from cold.
   It insulates you from electricity.
   It protects you from negative energy.
 M - an amulet of regeneration (around neck)
 U - an uncursed ring of protection from magic
Wands
 r - a wand of digging (17)
 t - a wand of iceblast (19)
 u - a wand of acid (14)
 J - a wand of paralysis (24)
 N - a wand of flame (19)
Scrolls
 h - 9 scrolls of remove curse
 i - 6 scrolls of identify
 j - a scroll of fog
 k - 5 scrolls of amnesia
 l - 2 scrolls of noise
 q - 7 scrolls of teleportation
 E - 3 scrolls of magic mapping
 K - a scroll of acquirement {unknown}
 Y - 2 scrolls of brand weapon
Miscellaneous
 v - a fan of gales (2/2)
 S - a lamp of fire


   Skills:
 - Level 10.0 Fighting
 - Level 15.0 Long Blades
 - Level 1.3 Polearms
 - Level 11.0 Armour
 - Level 9.5 Dodging
 - Level 3.7 Stealth
 - Level 5.0 Shields
 - Level 13.1 Spellcasting
 - Level 11.1 Conjurations
 - Level 10.0 Hexes
 - Level 6.0 Charms
 - Level 4.9 Fire Magic
 - Level 0.1 Ice Magic
 + Level 8.4 Earth Magic


You had 2 spell levels left.
You knew the following spells:

 Your Spells              Type           Power        Failure   Level  Hunger
a - Swiftness             Chrm/Air       ####....     12%         2    N/A
b - Spectral Weapon       Hex/Chrm       ######..     3%          3    N/A
c - Ozocubu's Armour      Chrm/Ice       ####....     24%         3    N/A
d - Irradiate             Conj/Tmut      #####.....   21%         5    N/A
e - Iron Shot             Conj/Erth      ######....   19%         6    N/A
f - Bolt of Magma         Conj/Fire/Erth ######....   7%          5    N/A
g - Mana Rupture          Conj/Hex       ######....   58%         7    N/A
h - Mephitic Cloud        Conj/Pois/Air  ####....     5%          3    N/A
i - Fulminant Prism       Conj/Hex       ######....   1%          4    N/A

Your spell library contained the following spells:

 Spells                   Type           Power        Failure   Level  Hunger
 Corona                   Hex            ######.      1%          1    N/A
 Flame Tongue             Conj/Fire      #####        1%          1    N/A
 Sandblast                Erth           ######       1%          1    N/A
 Infusion                 Chrm           #####...     2%          1    N/A
 Song of Slaying          Chrm           #####...     3%          2    N/A
 Flaming Arrows           Chrm/Fire      #####...     4%          2    N/A
 Ensorcelled Hibernation  Hex/Ice        #####.       5%          2    N/A
 Passwall                 Tmut/Erth      #####...     8%          2    N/A
 Summon Small Mammal      Summ           ###.         28%         1    N/A
 Call Imp                 Summ           ###...       38%         2    N/A
 Confuse                  Hex            ######..     1%          3    N/A
 Conjure Flame            Conj/Fire      ######..     1%          3    N/A
 Dazzling Orbs            Conj/Hex       ######.      1%          3    N/A
 Inner Flame              Hex/Fire       N/A          1%          3    N/A
 Stone Arrow              Conj/Erth      ######       1%          3    N/A
 Tukima's Dance           Hex            ######..     1%          3    N/A
 Sticky Flame             Conj/Fire      ######..     3%          4    N/A
 Cause Fear               Hex            ######....   4%          4    N/A
 Throw Icicle             Conj/Ice       #####...     7%          4    N/A
 Lee's Rapid Deconstruct  Erth           ######....   7%          5    N/A
 Fireball                 Conj/Fire      ######....   8%          5    N/A
 Bolt of Draining         Conj/Necr      #####.....   21%         5    N/A
 Bolt of Fire             Conj/Fire      ######....   38%         6    N/A
 Petrify                  Tmut/Erth      #####.....   43%         4    N/A
 Orb of Destruction       Conj           ######....   52%         7    N/A
 Call Canine Familiar     Summ           ###.....     63%         3    N/A
 Metabolic Englaciation   Hex/Ice        #####.....   67%         5    N/A
 Bolt of Cold             Conj/Ice       #####.....   69%         6    N/A
 Summon Ice Beast         Ice/Summ       ###.....     95%         4    N/A
 Steam Barrier            Chrm/Fire      #####.....   99%         6    N/A
 Icicle Burst             Conj/Ice       #####.....   99%         7    N/A
 Lehudib's Crystal Spear  Conj/Erth      ######....   99%         8    N/A
 Summon Lightning Spire   Summ/Air       ###.....     100%        5    N/A
 Freezing Cloud           Ice/Air        ###.......   100%        6    N/A
 Ozocubu's Refrigeration  Ice            ###.......   100%        6    N/A
 Simulacrum               Ice/Necr       ###.......   100%        6    N/A
 Spellforged Servitor     Conj/Summ      #####.....   100%        7    N/A
 Chain Lightning          Conj/Air       #####.....   100%        8    N/A
 Glaciate                 Conj/Ice/Air   ####......   100%        8    N/A
 Ignition                 Fire           #####.....   100%        8    N/A
 Fire Storm               Conj/Fire      ######....   100%        9    N/A
 Regeneration             Chrm/Necr      Unusable     N/A         3    N/A

Dungeon Overview and Level Annotations

Branches:
Dungeon (9/12)             Temple (1/1) D:6            Lair (6/6) D:8
  Swamp (0/3) Lair:2        Snake (3/3) Lair:2        Slime (1/5) Lair:6
    Orc (1/1) D:8             Elf (0/3) Orc

Altars:
Ashenzari
Cheibriados
Dithmenos
Elyvilon
Fedhas
Gozag
Hepliaklqana
Kikubaaqudgha
Lugonu
Makhleb
Nemelex Xobeh
Okawaru
Qazlal
Ru
Sif Muna
Trog
Uskayaw
Vehumet
Wu Jian
Xom
Yredelemnul
Zin
The Shining One
Jiyva

Shops:
D:5 *   D:6 !   D:7 ?   Orc **   Snake:1 =}=   Snake:2 [*(

Annotations:
Lair:3 exclusion: oklob plant


Innate Abilities, Weirdness & Mutations

You do not eat or drink.
You are immune to poison.
Your flesh is cold resistant. (rC+)
Your body sometimes deteriorates upon taking damage.
You are immune to negative energy. (rN+++)
You regenerate a little health from kills.
You are immune to unholy pain and torment.
You can survive without breathing.
When hurt, damage is shared between your health and your magic reserves.
Your movements are less encumbered by armour. (ER -4)
Casting spells heals you.


Message History

Your spectral weapon fades away.
The naga hits you with a +0 halberd. The naga misses you.
The naga sharpshooter shoots a bolt.
The bolt hits you but does no damage. The naga hits you but does no damage.
The naga sharpshooter shoots a bolt.
You reflect the bolt off your +3 buckler of reflection!
The bolt hits the naga sharpshooter!
The naga sharpshooter shoots a bolt.
The bolt hits you!!
A naga mage and a naga sharpshooter come into view.
The naga sharpshooter shouts!
The naga mage shouts!
The naga spits poison at you. You resist.
The splash of poison hits you but does no damage.
The naga sharpshooter gestures wildly while chanting.
The naga sharpshooter magically shoots a bolt.
The bolt hits you!
* * * LOW HITPOINT WARNING * * *
The naga shouts!
The naga sharpshooter shoots a bolt.
The bolt hits you!!
You die...

............## ##.....#
.........N### ##.......
#......NN.N.## #........
#.........#..## #........
#........N##..#####........
#.........###...)##........
#..........#####..#......).
...............N..N........
#........#@########........
########.#..# #........
#######.##.## #..).....
###.......##..# #.)[.....
#...#########.### ##(<.!...
#.........###...# ##N....#
#########...#...# #######
###.....# ###...#


You could see 2 naga sharpshooters, a naga mage and 2 nagas.

Vanquished Creatures
  Gastronok (Lair:2)
  An acid blob (Lair:6)
  A nagaraja (Snake:3)
  2 rakshasas
  Harold (Lair:2)
  7 naga warriors
  4 hydras
  A catoblepas (Lair:4)
  Erica (D:8)
  8 anacondas
  3 two-headed ogres
  4 shock serpents
  2 sea snakes (Snake:2)
  13 naga sharpshooters
  13 spriggans (Lair:6)
  A salamander mystic (Snake:2)
  8 naga ritualists
  6 mana vipers
  An orc sorcerer (Orc)
  A deep elf mage (D:8)
  6 salamanders
  Joseph (D:7)
  4 elephants (Lair:5)
  A guardian serpent (Snake:2)
  13 naga magi
  14 cane toads
  A gargoyle (D:6)
  34 black mambas
  4 komodo dragons
  3 trolls
  5 hornets (Lair:6)
  6 polar bears
  9 slime creatures
  12 dream sheep (Lair:6)
  10 blink frogs
  9 hippogriffs
  5 wyverns
  Eustachio (D:5)
  A basilisk (Lair:5)
  40 yaks
  A hungry ghost (D:6)
  A steam dragon (Lair:4)
  33 nagas
  14 crocodiles
  A warg (Orc)
  7 water moccasins
  9 porcupines
  Duvessa (D:5)
  A phantom (D:8)
  9 orc warriors
  A necrophage (D:6)
  4 sky beasts
  5 black bears
  5 ice beasts
  8 ogres
  36 wolves
  4 boggarts (Lair:6)
  3 centaurs
  12 bullfrogs
  A big kobold (D:7)
  Dowan (D:5)
  6 scorpions
  5 killer bees (D:8)
  A wight (D:7)
  3 howler monkeys
  An electric eel (Lair:2)
  A centaur zombie (D:6)
  4 crimson imps
  2 quasits
  A bullfrog skeleton (D:8)
  5 orc priests
  5 hounds
  2 jellies (D:8)
  6 orc wizards
  2 iguanas (D:8)
  7 worker ants
  A killer bee zombie (D:8)
  A hound zombie (D:6)
  2 hound skeletons
  Robin (D:3)
  13 gnolls
  5 adders
  2 adder skeletons
  4 worms
  2 dart slugs
  5 leopard geckos
  29 orcs
  2 ball pythons
  3 bats
  A giant cockroach (D:3)
  5 goblins
  5 hobgoblins
  8 jackals
  10 kobolds
  4 quokkas
  2 frilled lizards
  A quokka skeleton (D:6)
  4 rats
  A spectral orc (D:4)
  A butterfly (Lair:1)
  2 fungi (Lair:5)
  A plant (Lair:6)
  A spectral weapon (Lair:5)
582 creatures vanquished.

Vanquished Creatures (others)
  2 naga sharpshooters (Snake:3)
  A salamander (Snake:2)
  A naga (Snake:2)
  8 fulminant prisms
  18 fungi
  11 plants
  23 spectral weapons
64 creatures vanquished.

Grand Total: 646 creatures vanquished

Notes
Turn   | Place    | Note
-------+----------+-------------------------------------------
     0 | D:1      | Leeroy the Skeleton Skald began the quest for the Orb.
     0 | D:1      | Reached XP level 1. HP: 12/12 MP: 4/4
   126 | D:1      | Reached skill level 3 in Long Blades
   387 | D:1      | Reached XP level 2. HP: 17/17 MP: 6/6
   909 | D:2      | Found a shimmering altar of Xom.
   909 | D:2      | Found a glowing silver altar of Zin.
   909 | D:2      | Noticed an angel
   933 | D:2      | Reached XP level 3. HP: 19/21 MP: 7/7
  1150 | D:2      | Learned a level 3 spell: Spectral Weapon
  1154 | D:2      | Learned a level 3 spell: Ozocubu's Armour
  1428 | D:2      | Found a sacrificial altar of Ru.
  1836 | D:3      | Reached XP level 4. HP: 22/26 MP: 8/8
  2361 | D:3      | Noticed Robin
  2371 | D:3      | Killed Robin
  2611 | D:4      | Noticed a sky beast
  2620 | D:4      | Killed a sky beast
  2621 | D:4      | Reached skill level 5 in Spellcasting
  2621 | D:4      | Reached XP level 5. HP: 22/30 MP: 2/12
  2983 | D:4      | Gained mutation: You regenerate a little health from kills.
                  | [Skeleton growth]
  2983 | D:4      | Reached XP level 6. HP: 17/35 MP: 6/15
  3206 | D:4      | Found a hazy altar of Hepliaklqana.
  3358 | D:4      | HP: 1/35 [crimson imp/flame tongue (7)]
  3359 | D:4      | Killed from afar by a crimson imp
  3360 | D:4      | Reached XP level 5. HP: -4/30 MP: 0/13
  3405 | D:4      | Reached skill level 4 in Long Blades
  3506 | D:4      | Reached skill level 5 in Long Blades
  3525 | D:4      | Noticed an ogre
  3532 | D:4      | Killed an ogre
  3533 | D:4      | Reached XP level 6. HP: 4/35 MP: 2/15
  3692 | D:4      | Noticed a sky beast
  3709 | D:4      | Killed a sky beast
  3710 | D:4      | Reached skill level 6 in Long Blades
  3780 | D:4      | Identified the ring of Grontol {Fire Dex+2 Slay+2 Stlth-}
  3912 | D:4      | Found a stormy altar of Qazlal.
  4035 | D:5      | Entered Level 5 of the Dungeon
  4126 | D:5      | Noticed a two-headed ogre
  4261 | D:5      | Noticed an orc warrior
  4438 | D:5      | Learned a level 2 spell: Swiftness
  4441 | D:5      | Learned a level 2 spell: Song of Slaying
  4668 | D:5      | Noticed a sky beast
  4675 | D:5      | Reached skill level 7 in Long Blades
  4801 | D:4      | Killed a sky beast
  4802 | D:4      | Reached XP level 7. HP: 13/40 MP: 2/16
  5075 | D:6      | Found a snail-covered altar of Cheibriados.
  5236 | D:6      | Found a white marble altar of Elyvilon.
  5380 | D:5      | Noticed Eustachio
  5413 | D:5      | Killed Eustachio
  5414 | D:5      | Reached skill level 5 in Hexes
  5591 | D:5      | Noticed Duvessa
  5591 | D:5      | Noticed Dowan
  5620 | D:5      | Killed Duvessa
  5640 | D:5      | Killed Dowan
  5641 | D:5      | Reached XP level 8. HP: 25/44 MP: 7/17
  5962 | D:5      | Found Jiulid's Assorted Antiques.
  5967 | D:5      | Bought a hardcover book for 375 gold pieces
  6205 | D:4      | HP: 1/44 [two-headed ogre/+0 giant club (7)]
  6701 | D:6      | Found Fezisama's Distillery.
  6764 | D:6      | Found a staircase to the Ecumenical Temple.
  6772 | Temple   | Entered the Ecumenical Temple
  7242 | D:7      | Reached skill level 5 in Charms
  7244 | D:7      | Noticed Joseph
  7262 | D:7      | Killed Joseph
  7265 | D:7      | Noticed a hippogriff
  7273 | D:7      | Reached skill level 5 in Fighting
  7278 | D:7      | Killed a hippogriff
  7348 | D:7      | Reached XP level 9. HP: 44/55 MP: 13/18
  7409 | D:7      | Noticed a troll
  7765 | D:7      | Learned a level 3 spell: Dazzling Orbs
  8076 | D:7      | Found Qefaxo Mojy's Magic Scroll Emporium.
  8083 | D:7      | Bought a scroll of enchant weapon for 112 gold pieces
  8197 | D:7      | Found a shadowy altar of Dithmenos.
  8198 | D:7      | Found a radiant altar of Vehumet.
  8203 | D:7      | Killed a troll
  8204 | D:7      | Reached skill level 5 in Dodging
  8204 | D:7      | Reached skill level 1 in Conjurations
  8209 | D:7      | Became a worshipper of Vehumet
  8506 | D:6      | Noticed a gargoyle
  8526 | D:6      | Reached skill level 8 in Long Blades
  8553 | D:6      | Killed a gargoyle
  8554 | D:6      | Reached skill level 9 in Long Blades
  8581 | D:6      | Noticed a red ugly thing
  8626 | D:6      | Learned a level 5 spell: Bolt of Magma
  8678 | D:6      | HP: 1/56 [something (2)]
  8847 | D:7      | Gained mutation: Your movements are less encumbered by
                  | armour. (ER -4) [Skeleton growth]
  8847 | D:7      | Reached XP level 10. HP: 46/61 MP: 7/19
  9128 | D:8      | Reached skill level 10 in Long Blades
  9156 | D:8      | Reached * piety under Vehumet
  9156 | D:8      | Offered knowledge of Shock by Vehumet.
  9190 | D:8      | Reached skill level 11 in Long Blades
  9265 | D:8      | Noticed a manticore
  9434 | D:8      | Found a staircase to the Lair.
  9487 | D:8      | Noticed a deep elf mage
  9578 | D:8      | Reached skill level 12 in Long Blades
  9694 | D:8      | Found a staircase to the Orcish Mines.
  9694 | D:8      | Noticed Erica
  9720 | D:8      | Killed Erica
  9720 | D:8      | Offered knowledge of Sting by Vehumet.
  9721 | D:8      | Reached skill level 13 in Long Blades
  9723 | D:8      | Learned a level 1 spell: Sting
  9813 | Orc      | Entered the Orcish Mines
  9813 | Orc      | Found a staircase to the Elven Halls.
  9858 | Orc      | Found Suvvee's General Store.
  9861 | Orc      | Noticed an orc sorcerer
  9863 | Orc      | Noticed an orc high priest
  9871 | Orc      | Killed an orc sorcerer
  9871 | Orc      | Reached ** piety under Vehumet
  9878 | Orc      | Noticed a rust devil
  9892 | Orc      | Noticed a sixfirhy
  9892 | Orc      | Noticed a soul eater
 10107 | Orc      | Reached XP level 11. HP: 64/65 MP: 17/20
 10178 | Orc      | Noticed an orc knight
 10178 | Orc      | Found Yzutops's General Store.
 10671 | D:9      | Reached skill level 14 in Long Blades
 10674 | D:9      | Offered knowledge of Mephitic Cloud by Vehumet.
 10677 | D:9      | Noticed a two-headed ogre
 10679 | D:9      | Learned a level 3 spell: Mephitic Cloud
 10689 | D:9      | Killed a two-headed ogre
 10692 | D:9      | Noticed a two-headed ogre
 10885 | D:8      | Killed a deep elf mage
 10974 | D:8      | Noticed a two-headed ogre
 10990 | D:8      | Killed a two-headed ogre
 11033 | D:8      | Reached skill level 15 in Long Blades
 11231 | D:8      | Reached *** piety under Vehumet
 11267 | D:8      | Reached skill level 5 in Conjurations
 11338 | D:9      | Noticed a cyclops
 11482 | D:8      | Slain by a two-headed ogre
 11483 | D:8      | Reached XP level 10. HP: -4/61 MP: 0/19
 11514 | D:8      | Killed a two-headed ogre
 11779 | D:9      | Noticed a two-headed ogre
 11953 | Lair:1   | Entered Level 1 of the Lair of Beasts
 11953 | Lair:1   | Noticed a cane toad
 11962 | Lair:1   | Killed a cane toad
 12081 | D:8      | Reached XP level 11. HP: 49/65 MP: 13/22
 12117 | D:8      | Offered knowledge of Fulminant Prism by Vehumet.
 12132 | D:8      | Learned a level 4 spell: Fulminant Prism
 12408 | Lair:1   | Reached skill level 1 in Earth Magic
 12602 | Lair:1   | Reached skill level 5 in Armour
 13088 | Lair:2   | Reached **** piety under Vehumet
 13110 | Lair:2   | Noticed a seven-headed hydra
 13207 | Lair:2   | Noticed Gastronok
 13238 | Lair:2   | Killed Gastronok
 13250 | Lair:2   | Noticed Harold
 13255 | Lair:2   | HP: 3/65 [six-headed hydra (2)]
 13656 | Lair:2   | Reached XP level 12. HP: 51/71 MP: 19/25
 13775 | Lair:2   | Offered knowledge of Conjure Flame by Vehumet.
 13823 | Lair:2   | Found a staircase to the Swamp.
 13952 | Lair:2   | Killed a one-headed hydra
 14319 | Lair:2   | Found a staircase to the Snake Pit.
 14522 | Lair:2   | Killed Harold
 14751 | Lair:3   | Reached skill level 1 in Polearms
 14753 | Lair:3   | Reached skill level 1 in Fire Magic
 15177 | Lair:3   | Identified Sif Muna's Compendium of Arcane Weapons and Clay
 15802 | Lair:4   | Reached ***** piety under Vehumet
 15814 | Lair:4   | Offered knowledge of Irradiate by Vehumet.
 16056 | Lair:4   | Learned a level 5 spell: Irradiate
 16402 | Lair:4   | Noticed a five-headed hydra
 16408 | Lair:4   | Killed a one-headed hydra
 16409 | Lair:4   | Reached skill level 10 in Spellcasting
 16414 | Lair:4   | Noticed a catoblepas
 16795 | Lair:4   | Killed a catoblepas
 16858 | Lair:4   | Reached XP level 13. HP: 71/80 MP: 22/27
 17456 | Lair:5   | Got a buzzing plate armour
 17467 | Lair:5   | Identified the +1 plate armour of Muejor {rC++ Str+3 Int-2}
                  | (You found it on level 5 of the Lair of Beasts)
 18168 | Lair:6   | Entered Level 6 of the Lair of Beasts
 18492 | Lair:6   | Reached skill level 1 in Shields
 18669 | Lair:6   | Reached skill level 5 in Shields
 18763 | Lair:6   | Found a viscous altar of Jiyva.
 18763 | Lair:6   | Found a staircase to the Slime Pits.
 18900 | Lair:6   | Offered knowledge of Mana Rupture by Vehumet.
 19470 | Slime:1  | Entered Level 1 of the Pits of Slime
 19470 | Slime:1  | Noticed an acid blob
 19496 | Lair:6   | Killed an acid blob
 19540 | Lair:6   | Reached XP level 14. HP: 56/86 MP: 27/30
 19548 | Lair:6   | Learned a level 7 spell: Mana Rupture
 20016 | Snake:1  | Entered Level 1 of the Snake Pit
 20631 | Snake:1  | Reached skill level 10 in Fighting
 20784 | Snake:1  | Found Yntik's Jewellery Shoppe.
 20785 | Snake:1  | Found Ogoin's Gadget Boutique.
 20787 | Snake:1  | Found Duqioqi Dule's Jewellery Shoppe.
 20793 | Snake:1  | Bought the ring of Kindness {rElec Str+4 Int+3} for 477
                  | gold pieces
 21343 | Snake:2  | Reached skill level 10 in Armour
 22050 | Snake:2  | Got a slimy trident
 22160 | Snake:2  | Reached skill level 10 in Conjurations
 22161 | Snake:2  | Offered knowledge of Iron Shot by Vehumet.
 22162 | Snake:2  | Found Hixtyth's Assorted Antiques.
 22162 | Snake:2  | Found Poanweg's Armour Emporium.
 22195 | Snake:2  | Found Fuaptuh's Antique Weapon Shoppe.
 22360 | Snake:1  | Bought the ring "Edoduog" {Ice rElec rN+ Slay-2} for 387
                  | gold pieces
 22492 | Snake:2  | Reached XP level 15. HP: 92/92 MP: 17/32
 22587 | Snake:2  | Bought a pair of glowing gloves for 187 gold pieces
 22604 | Snake:2  | Bought a +0 cloak for 90 gold pieces
 23198 | Snake:2  | Got a transparent silver amulet
 23343 | Snake:3  | Entered Level 3 of the Snake Pit
 23540 | Snake:3  | Reached skill level 10 in Hexes
 23572 | Snake:2  | Learned a level 6 spell: Iron Shot
 23905 | Snake:3  | Noticed a nagaraja
 24093 | Snake:3  | Reached skill level 5 in Earth Magic
 24195 | Snake:3  | Noticed a nagaraja
 24243 | Snake:3  | Killed a nagaraja
 24551 | Snake:3  | Noticed a nagaraja
 24684 | Snake:3  | Noticed a nagaraja
 24767 | Snake:3  | Shot with a bolt by a naga sharpshooter

Skill      XL: |  1  2  3  4  5  6  7  8  9 10 11 12 13 14 15 |
---------------+----------------------------------------------+-----
Long Blades    | 3 5 7 9 13 15 | 15.0
Armour         | 2 3 4 5 9 11 | 11.0
Spellcasting   | 5 6 7 9 10 12 13 | 13.1
Hexes          | 2 5 6 8 10 | 10.0
Stealth        | 3 |  3.7
Charms         | 5 6 |  6.0
Fighting       | 6 9 10 | 10.0
Dodging        | 6 9 |  9.5
Conjurations   | 2 7 5 8 10 11 | 11.1
Earth Magic    | 2 8 |  8.4
Polearms       | 1 |  1.3
Fire Magic     | 4 |  4.9
Shields        | 5 |  5.0
Ice Magic      | |  0.1

Action                   |  1- 3 |  4- 6 |  7- 9 | 10-12 | 13-15 || total
-------------------------+-------+-------+-------+-------+-------++-------
Melee: Long sword        |   119 |   274 |   338 |   161 |       ||   892
       Scimitar          |       |       |       |   482 |   733 ||  1215
Throw: Tomahawk          |       |       |       |     7 |     3 ||    10
 Cast: Spectral Weapon   |       |     6 |    18 |    70 |    64 ||   158
       Ozocubu's Armour  |       |     3 |     6 |    10 |     1 ||    20
       Dazzling Orbs     |       |       |     2 |     4 |     2 ||     8
       Song of Slaying   |       |       |     1 |     2 |       ||     3
       Swiftness         |       |       |     1 |       |     1 ||     2
       Mephitic Cloud    |       |       |       |     7 |     4 ||    11
       Bolt of Magma     |       |       |       |     5 |    14 ||    19
       Fulminant Prism   |       |       |       |       |     8 ||     8
       Iron Shot         |       |       |       |       |     8 ||     8
       Mana Rupture      |       |       |       |       |     1 ||     1
Evoke: Wand              |       |       |     3 |     2 |     3 ||     8
  Use: Scroll            |       |     6 |     6 |     9 |    13 ||    34
 Stab: Distracted        |       |     1 |     2 |     1 |    13 ||    17
       Invisible         |       |       |       |     1 |       ||     1
       Sleeping          |       |       |       |     2 |       ||     2
       Confused          |       |       |       |     5 |     7 ||    12
Armor: Chain mail        |    35 |       |       |       |       ||    35
       Leather armour    |     3 |       |       |       |       ||     3
       Scale mail        |    23 |   226 |   133 |   149 |     7 ||   538
       Plate armour      |       |       |       |       |   346 ||   346
Dodge: Dodged            |    53 |   197 |   160 |   356 |   362 ||  1128
Block: Other             |       |       |    23 |    70 |    23 ||   116
       Buckler           |       |       |       |       |   414 ||   414
       Reflection        |       |       |       |       |    73 ||    73
